 Dungeon Crawl Stone Soup version 0.19-a0-1697-g0595f0e (webtiles) character file.

95220 epen the Fencer (level 16, -2/115 HPs)
             Began as a Formicid Monk on Sept 26, 2016.
             Was a High Priest of Makhleb.
             Slain by an entropy weaver (8 damage)
             ... on level 4 of the Lair of Beasts.
             The game lasted 01:11:29 (28395 turns).

epen the Fencer (Formicid Monk)                    Turns: 28395, Time: 01:11:30

Health: -2/115     AC: 11    Str: 21    XL:     16   Next: 62%
Magic:  25/25      EV:  7    Int: 19    God:    Makhleb [*****.]
Gold:   724        SH:  0    Dex: 13    Spells: 0 memorised, 15 levels left

rFire  + . .     SeeInvis +     w - +1 scimitar (elec)
rCold  . . .     Gourm    .     C - +10 chain mail of the Sky {Int+3}
rNeg   . . .     Faith    .     A - +0 shield
rPois  +         Spirit   .     (helmet unavailable)
rElec  +         Dismiss  .     T - +2 cloak {rPois}
rCorr  .         Reflect  +     y - +2 pair of gloves
MR     +....     Harm     .     t - +0 pair of boots {Fly}
Stlth  ..........               s - +5 amulet of reflection
                                l - ring of protection from fire
                                Z - ring "Plog" {rElec rPois Int+2 Stlth+}

@: corroded, flying, held
A: permanent stasis, dig shafts and tunnels, four strong arms, antennae 3,
blurry vision 1, clever 1, frail 1
a: Dig, Shaft Self, Minor Destruction, Lesser Servant of Makhleb, Major
Destruction, Greater Servant of Makhleb, Renounce Religion, Stop Flying


You were on level 4 of the Lair of Beasts.
You worshipped Makhleb.
Makhleb was extremely pleased with you.
You were not hungry.

You visited 5 branches of the dungeon, and saw 25 of its levels.
You also visited: Bailey.

You collected 2583 gold pieces.
You spent 1859 gold pieces at shops.

Inventory:

Hand Weapons
 w - a +1 scimitar of electrocution (weapon)
 G - a +0 great sword
Armour
 a - the +5 ring mail "Ediwoz" {rElec rC+ rN+}
   (You took it off a skeletal warrior on level 13 of the Dungeon)

   It protects you from cold.
   It insulates you from electricity.
   It protects you from negative energy.
 t - a +0 pair of boots of flying (worn)
 y - a +2 pair of gloves (worn)
 A - a +0 shield (worn)
 C - the +10 chain mail of the Sky (worn) {Int+3}
   (You bought it in a shop on level 5 of the Dungeon)

   It affects your intelligence (+3).
 T - a +2 cloak of poison resistance (worn)
Jewellery
 l - a ring of protection from fire (right hand)
 s - a +5 amulet of reflection (around neck)
 K - an uncursed ring of protection from fire
 Y - an uncursed ring of ice
 Z - the ring "Plog" (left hand) {rElec rPois Int+2 Stlth+}
   (You bought it in a shop on level 12 of the Dungeon)

   [ring of poison resistance]

   It affects your intelligence (+2).
   It insulates you from electricity.
   It protects you from poison.
   It makes you more stealthy.
Wands
 n - a wand of iceblast (3/15)
 q - a wand of lightning (7/15)
 u - a wand of digging (8/24)
 J - a wand of acid (10/15)
 V - a wand of acid (5/15)
Scrolls
 e - 14 scrolls of remove curse
 f - 3 scrolls of enchant weapon
 p - 2 scrolls of amnesia
 v - a scroll of recharging
 B - 5 scrolls of enchant armour
 F - 10 scrolls of identify
 I - 5 scrolls of magic mapping
 M - a scroll of fear
 Q - a scroll of holy word
Potions
 d - 4 potions of lignification
 g - 8 potions of heal wounds
 i - 2 potions of cancellation
 j - 3 potions of agility
 k - 3 potions of ambrosia
 m - a potion of invisibility
 r - a potion of flight
 z - 6 potions of brilliance
 D - 2 potions of magic
 L - 10 potions of curing
 N - 2 potions of resistance
 O - 3 potions of might
Miscellaneous
 h - a lamp of fire
 S - a sack of spiders
Comestibles
 b - 5 slices of pizza
 c - 14 bread rations
 o - 37 fruits
 x - 5 beef jerkies
 E - 10 royal jellies
 H - 7 meat rations
 P - a chunk of flesh


   Skills:
 + Level 12.3 Fighting
 * Level 15.5 Long Blades
 + Level 11.7 Armour
 + Level 10.9 Dodging
 - Level 2.4 Stealth
 - Level 11.5 Shields
 + Level 12.1 Invocations
 + Level 1.3 Evocations


You had 15 spell levels left.
You didn't know any spells.

Dungeon Overview and Level Annotations

Branches:
Dungeon (15/15)            Temple (1/1) D:5            Lair (6/6) D:8
  Swamp (0/4) Lair:4       Spider (1/4) Lair:4        Slime (0/5) Lair:5
    Orc (2/2) D:12            Elf (0/3) Orc:2        Vaults (0/5) D:14
 Depths (0/5) D:15

Altars:
Ashenzari
Dithmenos
Fedhas
Gozag
Hepliaklqana
Makhleb
Nemelex Xobeh
Okawaru
Sif Muna
Vehumet
Xom
Zin
The Shining One
Jiyva

Shops:
D:5 [![([   D:9 =   D:10 :   D:11 (   D:12 =   Orc:2 [:?!([(:

Annotations:
D:3 Potsanchik's ghost, amateur DEGl


Innate Abilities, Weirdness & Mutations

You are under a permanent stasis effect.
You can dig through walls and to a lower floor.
Your four strong arms can wield two-handed weapons with a shield.
You have a pair of large antennae on your head. (SInv)
Scrolls take you a little longer to read.
Your mind is acute. (Int +2)
You are frail. (-10% HP)


Message History

Okay, then.
You disentangle yourself.
The entropy weaver mumbles some strange words.
The entropic weave corrodes you!
You are caught in the web!
The entropy weaver evades a web.
The entropy weaver hits you.
* * * LOW HITPOINT WARNING * * *
The entropy weaver hits you but does no damage. x2
The entropy weaver hits you.
* * * LOW HITPOINT WARNING * * *
There is a web here.
You struggle to detach yourself from the web.
The entropy weaver hits you.
* * * LOW HITPOINT WARNING * * *
The entropy weaver hits you!
* * * LOW HITPOINT WARNING * * *
The entropy weaver hits you!
* * * LOW HITPOINT WARNING * * *
The entropy weaver hits you!
You die...

#P........#
##........#
###........##
#...##^....P#
#...^.##...##
#^^##.......#
##^##..^##..#
##.^†#a#..##
##.[>#.#@#.#
##^^#^#.###.#
#..##^####^.#
##^.....#...#
#^..^##^....#
###..^......#
##........#
#........##
###.........#


You could see an entropy weaver.

Vanquished Creatures
  Asterion (Lair:4)
  Kirke (D:13)
  Agnes (D:15)
  An ettin (D:15)
  A catoblepas (D:14)
  2 ogre magi (D:15)
  7 centaur warriors
  A dancing weapon (Orc:2)
  9 death yaks
  2 orc high priests (Orc:2)
  The ghost of kae the Carver, a novice FoFi of Makhleb (D:11)
  A skeletal warrior (D:13)
  4 unseen horrors
  Sonja (D:14)
  5 hill giants
  The ghost of removeelyvilon the Ruffian, a novice DrTm of Cheibriados (Bailey)
  5 orc knights
  11 ugly things
  A wolf spider (Spider:1)
  6 deep elf magi
  3 cyclopes
  An orb spider (Spider:1)
  3 manticores
  5 orc sorcerers (Orc:2)
  A salamander (shapeshifter) (D:15)
  4 elephants
  The ghost of Ijustatesigmund the Magician, a novice DEWz of Cheibriados (D:6)
  2 centaur zombies (D:13)
  A gargoyle (D:12)
  The ghost of epen the Slasher, a novice FoMo (D:5)
  2 torpor snails (Lair:6)
  7 black mambas
  A rime drake (Lair:5)
  14 spiny frogs
  4 komodo dragons
  5 trolls
  3 polar bears (Lair:6)
  9 jumping spiders
  3 tengu conjurers
  A two-headed ogre (D:15)
  Prince Ribbit (Lair:2)
  Grinder (D:6)
  20 blink frogs
  6 slime creatures (D:12)
  5 dream sheep
  8 hippogriffs
  2 redbacks (Spider:1)
  Sigmund (D:6)
  9 spriggans (Lair:6)
  A shadow (D:12)
  2 wraiths (D:12)
  A hog (D:13)
  A vampire (D:11)
  3 wyverns
  32 yaks
  4 basilisks
  The ghost of zkyp the Chopper, an amateur DsCK of Xom (D:4)
  A steam dragon (Lair:2)
  A warg (Orc:2)
  Menkaure (D:5)
  3 hungry ghosts
  2 mottled dragons
  2 soldier ants
  12 water moccasins
  9 porcupines
  A hornet simulacrum (D:15)
  3 black bears
  6 wasps
  A sky beast (D:7)
  18 orc warriors
  A black bear (shapeshifter) (D:15)
  2 ice beasts
  A necrophage (D:4)
  6 phantoms
  11 ogres
  22 wolves (Lair:6)
  A boggart (Lair:6)
  7 crocodiles
  8 centaurs
  5 big kobolds
  16 bullfrogs
  Blork the orc (D:6)
  5 wyvern skeletons
  3 scorpions
  A troll zombie (D:12)
  8 wights
  An electric eel (D:15)
  2 howler monkeys
  10 crimson imps
  A bullfrog zombie (D:13)
  6 jellies
  4 centaur skeletons
  2 bullfrog skeletons
  12 orc priests
  2 quasits
  7 hounds
  21 orc wizards
  Natasha (twice) (D:4)
  10 worker ants
  6 iguanas
  5 ogre zombies (D:12)
  2 hound zombies
  A hound skeleton (D:9)
  A howler monkey zombie (D:7)
  A howler monkey skeleton (D:4)
  10 gnolls
  10 adders
  46 river rats
  8 shadow imps
  4 oozes
  3 adder skeletons
  A worm (D:3)
  A dart slug (D:2)
  3 leopard geckos
  44 orcs
  4 giant cockroaches
  7 goblins
  7 hobgoblins
  15 jackals
  16 kobolds
  7 quokkas
  A ball python (D:5)
  4 bats
  2 frilled lizards (D:2)
  3 goblin zombies (D:12)
  A hobgoblin skeleton (D:12)
  3 hobgoblin zombies (D:12)
  A jackal skeleton (D:5)
  2 orc skeletons (D:12)
  10 orc zombies (D:12)
  A quokka skeleton (D:5)
  7 rats
706 creatures vanquished.

Vanquished Creatures (collateral kills)
  An orc warlord (Orc:2)
  A hydra (Lair:4)
  A death yak (Lair:6)
  An orc high priest (Orc:2)
  A tengu warrior (D:15)
  A deep elf knight (D:14)
  A deep elf archer (Orc:2)
  A hill giant (D:15)
  2 orc sorcerers
  A deep elf mage (D:15)
  An elephant (Lair:4)
  A demonic crawler (Lair:4)
  A polar bear (Lair:6)
  2 redbacks
  2 spriggans (Lair:6)
  A wraith (D:8)
  2 wyverns
  2 yaks (Lair:6)
  A warg (Orc:2)
  4 orc warriors (Orc:2)
  4 boggarts
  4 centaurs (D:15)
  4 wolves (Lair:6)
  A crocodile (Lair:6)
  A big kobold (D:14)
  A bullfrog (D:15)
  2 orc priests
  2 orc wizards
  2 river rats (Lair:6)
  6 orcs
55 creatures vanquished.

Vanquished Creatures (others)
  A centaur warrior (D:15)
  An unseen horror (D:15)
  A deep elf mage (D:13)
  An ugly thing (D:13)
  A jumping spider (Spider:1)
  A hungry ghost (D:15)
  A centaur (D:15)
  2 orcs (D:13)
  A hobgoblin (Bailey)
  3 kobolds (Bailey)
  A bush (Lair:6)
  20 fungi
  5 plants
39 creatures vanquished.

Grand Total: 800 creatures vanquished

Notes
Turn   | Place    | Note
-------+----------+-------------------------------------------
     0 | D:1      | epen the Formicid Monk began the quest for the Orb.
     0 | D:1      | Reached XP level 1. HP: 18/18 MP: 1/1
   267 | D:1      | Reached XP level 2. HP: 21/24 MP: 2/2
   626 | D:1      | Reached XP level 3. HP: 29/29 MP: 3/3
   744 | D:1      | Reached skill level 1 in Armour
  1076 | D:2      | Reached XP level 4. HP: 31/35 MP: 4/4
  1557 | D:3      | Noticed Potsanchik's ghost (amateur DEGl)
  1626 | D:2      | Reached skill level 4 in Long Blades
  2434 | D:3      | Reached XP level 5. HP: 42/42 MP: 5/5
  2490 | D:4      | Noticed zkyp's ghost (amateur DsCK)
  2706 | D:4      | Noticed Natasha
  2719 | D:4      | Killed Natasha
  2719 | D:4      | Reached XP level 6. HP: 34/48 MP: 6/6
  2742 | D:4      | Reached skill level 5 in Long Blades
  3059 | D:4      | Killed zkyp's ghost
  3059 | D:4      | Reached XP level 7. HP: 28/55 MP: 7/7
  4050 | D:4      | Noticed Natasha
  4063 | D:4      | Killed Natasha
  4136 | D:4      | Reached skill level 6 in Long Blades
  4358 | D:5      | Entered Level 5 of the Dungeon
  4390 | D:5      | Found Seraphal's Antique Armour Shoppe.
  4393 | D:5      | Bought a polished chain mail for 171 gold pieces
  4403 | D:5      | Identified the +10 chain mail of the Sky {Int+3} (You bought it in a shop on level 5 of the Dungeon)
  4464 | D:5      | Reached skill level 5 in Fighting
  4464 | D:5      | Reached skill level 1 in Shields
  4464 | D:5      | Reached XP level 8. HP: 62/62 MP: 8/8
  4467 | D:5      | Noticed epen's ghost (novice FoMo)
  4530 | D:5      | Killed epen's ghost
  4668 | D:5      | Noticed a gargoyle
  5041 | D:5      | Noticed Menkaure
  5049 | D:5      | Killed Menkaure
  5199 | D:5      | Found Sitausho's Distillery.
  5207 | D:5      | Bought a potion of heal wounds for 55 gold pieces
  5231 | D:5      | Found Deceont's Antique Weapon Emporium.
  5367 | D:5      | Reached skill level 7 in Long Blades
  5415 | D:5      | Found Ivit's Armour Emporium.
  5528 | D:5      | Found a glowing golden altar of the Shining One.
  5594 | D:5      | Found a staircase to the Ecumenical Temple.
  5605 | D:5      | Found Peprish's Armour Shoppe.
  5617 | Temple   | Entered the Ecumenical Temple
  5685 | Temple   | Became a worshipper of Makhleb the Destroyer
  5685 | Temple   | Reached * piety under Makhleb
  5685 | Temple   | Reached ** piety under Makhleb
  5816 | D:5      | Reached XP level 9. HP: 51/68 MP: 5/9
  5876 | D:6      | Noticed Ijustatesigmund's ghost (novice DEWz)
  5904 | D:6      | Killed Ijustatesigmund's ghost
  5904 | D:6      | Reached skill level 5 in Dodging
  5904 | D:6      | Reached skill level 1 in Invocations
  6148 | D:6      | Noticed Sigmund
  6162 | D:6      | Noticed Blork the orc
  6173 | D:6      | Killed Sigmund
  6173 | D:6      | Reached skill level 5 in Armour
  6180 | D:6      | Killed Blork the orc
  6180 | D:6      | Reached skill level 8 in Long Blades
  6297 | D:6      | Noticed Grinder
  6328 | D:6      | Killed Grinder
  6582 | D:6      | Found a shadowy altar of Dithmenos.
  6582 | D:6      | Found a glowing silver altar of Zin.
  6654 | D:6      | You fall through a shaft!
  6667 | D:7      | Found a hazy altar of Hepliaklqana.
  6679 | D:7      | Found a flagged portal.
  6691 | Bailey   | Entered a bailey
  6693 | Bailey   | Noticed removeelyvilon's ghost (novice DrTm)
  6759 | Bailey   | Killed removeelyvilon's ghost
  6759 | Bailey   | Reached skill level 5 in Shields
  6759 | Bailey   | Reached XP level 10. HP: 30/77 MP: 4/12
  7014 | Bailey   | Noticed ThereIsNoGod's ghost (novice MiGl)
  7731 | D:7      | Reached *** piety under Makhleb
  7804 | D:7      | Found a shattered altar of Ashenzari.
  7805 | D:7      | Found an iron altar of Okawaru.
  8399 | D:8      | Reached skill level 9 in Long Blades
  9282 | D:8      | Found a staircase to the Lair.
  9420 | D:9      | I am klepen
  9420 | D:9      | i am notice u
  9420 | D:9      | <3
  9463 | D:9      | Reached XP level 11. HP: 84/84 MP: 14/14
  9477 | D:9      | Reached skill level 5 in Invocations
  9595 | D:9      | Found a shimmering altar of Xom.
  9836 | D:9      | Reached **** piety under Makhleb
 10130 | D:9      | Found Cerijoing's Jewellery Shop.
 10249 | D:10     | Entered Level 10 of the Dungeon
 10370 | D:10     | Found Zatsedol's Book Boutique.
 10497 | D:10     | Reached skill level 10 in Long Blades
 10833 | D:10     | Found a blossoming altar of Fedhas.
 10833 | D:10     | Noticed a white ugly thing
 10963 | Lair:1   | Entered Level 1 of the Lair of Beasts
 12452 | Lair:2   | Noticed Prince Ribbit
 12493 | Lair:2   | Killed Prince Ribbit
 12493 | Lair:2   | Reached XP level 12. HP: 94/94 MP: 17/17
 12970 | Lair:2   | Reached skill level 11 in Long Blades
 13923 | Lair:3   | Reached ***** piety under Makhleb
 14615 | Lair:4   | Found a staircase to the Swamp.
 14633 | Lair:4   | Found a sparkling altar of Nemelex Xobeh.
 14702 | Lair:4   | Found a hole to the Spider Nest.
 14896 | Lair:4   | Noticed a death yak
 14896 | Lair:4   | Noticed a death yak
 14897 | Lair:4   | Noticed a death yak
 14923 | Lair:3   | Killed a death yak
 14937 | Lair:3   | Killed a death yak
 14954 | Lair:3   | Killed a death yak
 15166 | Lair:3   | Reached XP level 13. HP: 52/101 MP: 19/19
 15409 | Lair:3   | Reached skill level 12 in Long Blades
 15492 | Lair:4   | Noticed a four-headed hydra
 15535 | Lair:4   | Killed a five-headed hydra
 15626 | Lair:4   | sps hiwing
 16025 | Lair:5   | Found a runed door.
 16053 | Lair:5   | Found a viscous altar of Jiyva.
 16054 | Lair:5   | Found a staircase to the Slime Pits.
 16667 | Lair:6   | Entered Level 6 of the Lair of Beasts
 16868 | Lair:6   | Noticed a four-headed hydra
 16874 | Lair:6   | Noticed an eight-headed hydra
 17403 | Lair:6   | Reached skill level 10 in Fighting
 17536 | Lair:6   | Reached skill level 13 in Long Blades
 17536 | Lair:6   | Reached XP level 14. HP: 94/110 MP: 21/21
 17674 | Lair:6   | Reached skill level 10 in Shields
 17752 | Lair:6   | Reached ****** piety under Makhleb
 18449 | Lair:6   | Reached skill level 10 in Invocations
 19200 | D:10     | Gained mutation: Your spells are a little harder to cast, but a little more powerful. [mutagenic meat]
 19203 | D:10     | Gained mutation: Your mind is acute. (Int +2) [mutagenic meat]
 19456 | D:11     | Reached skill level 10 in Armour
 19561 | D:11     | Found an opulent altar of Gozag.
 19647 | D:11     | Found Liorphir's Weapon Emporium.
 20261 | D:11     | Noticed kae's ghost (novice FoFi)
 20281 | D:11     | Killed kae's ghost
 20798 | D:12     | Found Pezoehos's Jewellery Shop.
 20826 | D:12     | Bought the ring "Plog" {rElec rPois Int+2 Stlth+} for 574 gold pieces
 21139 | D:12     | Reached skill level 14 in Long Blades
 21150 | D:12     | Found a staircase to the Orcish Mines.
 21279 | D:12     | Reached XP level 15. HP: 117/117 MP: 22/22
 21736 | Orc:1    | Entered Level 1 of the Orcish Mines
 22586 | Orc:2    | Entered Level 2 of the Orcish Mines
 22601 | Orc:2    | Found Caawkem's Antique Weapon Shoppe.
 22912 | Orc:2    | Found Eqozesk's Antique Armour Boutique.
 22917 | Orc:2    | Found Giroxiv's Book Shoppe.
 23034 | Orc:2    | Noticed an orc warlord
 23054 | Orc:2    | Found Voerhaomp's Antique Weapon Shop.
 23069 | Orc:2    | Killed an orc warlord
 23085 | Orc:2    | Found a staircase to the Elven Halls.
 23671 | Orc:2    | Gained mutation: Scrolls take you a little longer to read. [a neqoxec]
 23673 | Orc:2    | Lost mutation: Your spells are a little harder to cast, but a little more powerful. [a neqoxec]
 23679 | Orc:2    | Reached skill level 10 in Dodging
 23680 | Orc:2    | Found Widd's Distillery.
 24063 | Orc:2    | Found Saha's Antique Armour Boutique.
 24139 | Orc:2    | Found Riattana's Magic Scroll Shoppe.
 24153 | Orc:2    | Found Jugil's Book Shoppe.
 24174 | Orc:2    | Bought 2 potions of curing for 96 gold pieces
 24174 | Orc:2    | Bought a potion of curing for 48 gold pieces
 24174 | Orc:2    | Bought a potion of heal wounds for 80 gold pieces
 24174 | Orc:2    | Bought a potion of curing for 48 gold pieces
 24176 | Orc:2    | Bought a scroll of remove curse for 45 gold pieces
 24176 | Orc:2    | Bought a scroll of identify for 30 gold pieces
 24176 | Orc:2    | Bought a scroll of identify for 30 gold pieces
 24176 | Orc:2    | Bought a scroll of identify for 30 gold pieces
 24176 | Orc:2    | Bought a scroll of identify for 30 gold pieces
 24176 | Orc:2    | Bought a scroll of remove curse for 45 gold pieces
 24176 | Orc:2    | Bought a scroll of identify for 30 gold pieces
 24176 | Orc:2    | Bought a scroll of magic mapping for 52 gold pieces
 24186 | Orc:2    | Bought a pair of embroidered boots for 117 gold pieces
 24316 | Orc:2    | chto
 24316 | Orc:2    | for future
 24316 | Orc:2    | i am ant
 24322 | Orc:2    | Bought an embroidered cloak for 126 gold pieces
 24343 | Orc:2    | Bought an embroidered cloak for 126 gold pieces
 24353 | Orc:2    | Bought a runed cloak for 126 gold pieces
 24745 | D:13     | Noticed Kirke
 24775 | D:13     | Killed Kirke
 25592 | D:13     | Got a polished ring mail
 25603 | D:13     | Identified the +5 ring mail "Ediwoz" {rElec rC+ rN+} (You took it off a skeletal warrior on level 13 of the Dungeon)
 25673 | D:14     | Found a gate to the Vaults.
 25976 | D:14     | Noticed Sonja
 26158 | D:14     | Killed Sonja
 26406 | D:14     | Reached XP level 16. HP: 86/127 MP: 24/24
 26727 | D:15     | Entered Level 15 of the Dungeon
 26766 | D:15     | Reached skill level 15 in Long Blades
 27185 | D:15     | Noticed Agnes
 27214 | D:15     | Killed Agnes
 27334 | D:15     | Found a staircase to the Depths.
 27751 | Spider:1 | Entered Level 1 of the Spider Nest
 27977 | Spider:1 | Reached skill level 1 in Evocations
 28013 | Spider:1 | Noticed Asterion
 28091 | Spider:1 | Gained mutation: You are frail. (-10% HP) [a cacodemon]
 28219 | Spider:1 | Noticed an Executioner
 28234 | Lair:4   | Killed Asterion
 28395 | Lair:4   | Slain by an entropy weaver

Vault maps used:
D:1:      erik_arrival_cave_to_civilisation, minmay_pentomino_z4
D:2:      first_bread
D:3:      serial_bayou_crossing
D:4:      kennysheep_small_spiral, roderic_lattice_a, minivault_1,
          minmay_surrounded, uniq_natasha
D:5:      nicolae_overflow_hidden_temple, serial_shops, shop,
          nicolae_shop_temple_entry_statues_fountains, kennysheep_mini,
          nicolae_shop_trees, shop, uniq_menkaure
D:6:      gammafunk_temple_overflow_wave, uniq_sigmund, uniq_grinder,
          uniq_blork_the_orc
D:7:      gammafunk_temple_overflow_statue, enter_bailey_2, basic_altar,
          supply_closet_lemuel
D:8:      lair_0_dummy, hangedman_pestilent_swarm
D:9:      lemuel_doored_altar, serial_shops, nicolae_shop_trees
D:10:     serial_shops, nicolae_shop_competitors_out_of_business, fedhas_altar_3
D:11:     serial_shops, nicolae_shop_trees, grunt_gozag_statues
D:12:     zombieorc1_lemuel, serial_shops, shop_statue
D:13:     uniq_kirke
D:14:     hangedman_vaults_entry_quadrant_bands, uniq_sonja
D:15:     hangedman_depths_entry_civil_slaughter, nrook_pool_corridor,
          uniq_agnes
Temple:   regret_index_temple_generic_petals
Lair:2:   bobbens_dragon_lair_wall, uniq_prince_ribbit2
Lair:3:   bh_chokoban, beast_lair_carwin_2
Lair:4:   swamp_mist_pool, spider_nest_entry_rubble, basic_altar,
          grunt_forest_large_clearings
Lair:5:   slime_altar_2, grunt_megastairs_5, serial_bayou_shore_b
Lair:6:   minmay_lair_end_enchanted_forest, serial_bayou_pond_d
Spider:1: spider_trap, nicolae_spider_webs_and_nodes, uniq_asterion
Orc:2:    st_orc_elflike, special_room, serial_shops, shop_fountains, shop,
          shop_fountains, shop
Bailey:   bailey_axe_2, bailey

Skill      XL: |  1  2  3  4  5  6  7  8  9 10 11 12 13 14 15 16 |
---------------+-------------------------------------------------+-----
Armour         | 1 2 3 4 5 6 7 8 9 10 11 | 11.7
Dodging        | 3 4 5 6 7 8 9 10 | 10.9
Long Blades    | 4 5 6 7 8 9 10 11 13 14 15 | 15.5
Fighting       | 4 5 6 7 8 9 10 11 12 | 12.3
Shields        | 1 3 5 7 8 9 11 | 11.5
Invocations    | 3 4 6 8 9 10 11 12 | 12.1
Evocations     | 1 |  1.3
Stealth        | |  2.4

Action                   |  1- 3 |  4- 6 |  7- 9 | 10-12 | 13-15 | 16-18 || total
-------------------------+-------+-------+-------+-------+-------+-------++-------
Melee: Falchion          |   135 |    84 |       |       |       |       ||   219
       Long sword        |       |   115 |   510 |  1146 |  1789 |       ||  3560
       Scimitar          |       |       |       |       |   579 |   345 ||   924
Invok: Lesser Servant of |       |       |       |     2 |    16 |       ||    18
       Greater Servant o |       |       |       |       |     6 |     4 ||    10
 Abil: Dig               |       |     2 |     1 |     1 |       |       ||     4
  Use: Scroll            |       |    11 |     6 |     6 |     5 |       ||    28
       Potion            |       |       |     5 |     1 |       |       ||     6
 Stab: Sleeping          |     2 |       |       |       |       |       ||     2
       Invisible         |       |       |     8 |       |       |       ||     8
       Distracted        |       |       |       |       |     2 |       ||     2
  Eat: Chunk             |     1 |     2 |    10 |    34 |    48 |     5 ||   100
       Beef jerky        |       |     1 |       |     1 |       |       ||     2
       Meat ration       |       |     1 |       |       |       |       ||     1
       Royal jelly       |       |       |       |       |     1 |       ||     1
Armor: Robe              |     2 |       |       |       |       |       ||     2
       Ring mail         |     3 |       |       |       |       |       ||     3
       Scale mail        |    39 |     6 |       |       |       |       ||    45
       Plate armour      |       |   146 |    59 |       |       |       ||   205
       Chain mail        |       |       |   199 |   495 |   643 |   141 ||  1478
Dodge: Dodged            |    80 |    61 |   197 |   416 |   693 |   112 ||  1559
Block: Shield            |       |       |       |   332 |   963 |   233 ||  1528
       Reflection        |       |       |       |       |       |    13 ||    13
